 Dungeon Crawl Stone Soup version 0.30-a0-618-gd6c86c23d0 (webtiles) character file.

Game seed: 7841801998605402197

4389 bmack86 the Fighter (level 10, -2/93 HPs)
             Began as a Minotaur Fighter on Jan 9, 2023.
             Slain by Erica
             ... wielding a +4 scimitar of flaming
              (3 damage)
             ... on level 8 of the Dungeon.
             The game lasted 00:20:34 (7042 turns).

bmack86 the Fighter (Minotaur Fighter)              Turns: 7042, Time: 00:20:35

Health: -2/93      AC: 17    Str: 25    XL:     10   Next: 13%
Magic:  9/9        EV:  7    Int:  5    God:
Gold:   504        SH:  9    Dex: 10    Spells: 9/9 levels left

rFire   . . .      SeeInvis .    E - +1 war axe (elec)
rCold   . . .      Faith    .    k - +0 kite shield
rNeg    . . .      Spirit   .    j - +0 chain mail
rPois   .          Reflect  .    (helmet restricted)
rElec   .          Harm     .    p - +2 cloak
rCorr   .          Rampage  .    f - +2 pair of gloves
Will    .....                    (no boots) Stlth
                                 (no amulet)
HPRegen 0.35/turn                C - ring of wizardry
MPRegen 0.11/turn                (no ring)

@: mighty
A: horns 2, retaliatory headbutt
a: no special abilities


You were on level 8 of the Dungeon.
You visited 2 branches of the dungeon, and saw 9 of its levels.
You also visited: Sewer.

You collected 504 gold pieces.

Inventory:

Hand Weapons
 a - a +1 war axe
 E - a +1 war axe of electrocution (weapon)
Missiles
 n - 10 poisoned darts (quivered)
 y - 2 boomerangs
Armour
 c - a +0 buckler
 f - a +2 pair of gloves (worn)
 j - a +0 chain mail (worn)
 k - a +0 kite shield (worn)
 p - a +2 cloak (worn)
 v - a scarf of repulsion
Jewellery
 C - a ring of wizardry (left hand)
Wands
 s - a wand of digging (1)
 D - a wand of roots (8)
 F - a wand of mindburst (13)
Scrolls
 g - 8 scrolls of teleportation
 l - 2 scrolls of vulnerability
 r - a scroll of immolation
 t - a scroll of magic mapping
 B - a scroll of silence
Potions
 e - 4 potions of curing
 h - a potion of cancellation
 i - 2 potions of degeneration
 m - a potion of brilliance {unknown}
 o - a potion of heal wounds
 q - 2 potions of mutation
 u - a potion of berserk rage
 w - a potion of resistance
 x - a potion of attraction
 z - a potion of magic
 A - 2 potions of invisibility {unknown}
 H - a potion of lignification {unknown}


   Skills:
 * Level 10.3 Fighting
 * Level 10.0 Axes
 + Level 4.6 Throwing
 + Level 7.7 Armour
 + Level 7.8 Shields


You had 9 spell levels left.
You didn't know any spells.
Your spell library contained the following spells:

 Spells                   Type           Power      Damage    Failure   Level
 Apportation              Tloc           0%         N/A       95%         1
 Necrotise                Necr           0%         1d4       95%         1
 Slow                     Hex            0%         N/A       95%         1
 Summon Small Mammal      Summ           0%         N/A       95%         1
 Call Canine Familiar     Summ           0%         N/A       100%        3
 Confusing Touch          Hex            0%         N/A       100%        3
 Portal Projectile        Hex/Tloc       0%         N/A       100%        3
 Vampiric Draining        Necr           0%         2d6       100%        3
 Leda's Liquefaction      Hex/Erth       0%         N/A       100%        4
 Blade Hands              Tmut           0%         N/A       100%        5
 Irradiate                Conj/Tmut      0%         3d11      100%        5
 Dragon Form              Tmut           0%         N/A       100%        7


Dungeon Overview and Level Annotations

Branches:
Dungeon (8/15)             Temple (1/1) D:4           Sewer (visited)
   Lair: D:8-11

Altars:
Ashenzari
Cheibriados
Dithmenos
Elyvilon
Fedhas
Gozag
Hepliaklqana
Makhleb
Nemelex Xobeh
Ru
Sif Muna
Trog
Uskayaw
Vehumet
Wu Jian
Xom
Yredelemnul
The Shining One

Shops:
D:1 (

Annotations:
D:3 1 runed translucent door, Crazy Yiuf
D:8 Erica


Innate Abilities, Weirdness & Mutations

You have a pair of horns on your head.
You reflexively headbutt those who attack you in melee.


Message History

The goblin skeleton moves out of view.
You slice the kobold skeleton!!
Lightning courses through the kobold skeleton!
You destroy the kobold skeleton!
A white imp and a hobgoblin zombie come into view.
Found a glowing golden altar of the Shining One.
The white imp shouts!
The white imp moves out of view.
A hobgoblin zombie comes into view.
A goblin skeleton and a hobgoblin zombie come into view.
Erica hits you with a +4 scimitar of flaming!
* * * LOW HITPOINT WARNING * * *
Erica burns you.
* * * LOW HITPOINT WARNING * * *
You barely miss Erica. You headbutt Erica.
Erica is lightly wounded.
Erica points at you and mumbles some strange words.
The lance of force hits you!
* * * LOW HITPOINT WARNING * * *
You slice Erica!! Your headbutt misses Erica.
Erica is moderately wounded.
You hit the goblin skeleton.
Lightning courses through the goblin skeleton!
You destroy the goblin skeleton!
You block Erica's attack.
You barely miss Erica.
Erica is moderately wounded.
Erica mumbles some strange words.
Erica flickers and vanishes!
Deactivating autopickup; reactivate with Ctrl-A.
You slice something!! Your headbutt misses something. Something hits you.
* * * LOW HITPOINT WARNING * * *
Something burns you.
* * * LOW HITPOINT WARNING * * *
A hobgoblin zombie comes into view.
The white imp gestures at you.
The puff of frost hits something.
Something hits you.
* * * LOW HITPOINT WARNING * * *
Something burns you.
You die...

...###...#.............
....#..................
.........##............
.......(##..††........ #
#....##....)....... ..#+
#.........#........
......#.....#...........
.....Z#....#####........
Z.._Z5{@...# #.......).
#....Z##....# ##..#.....
#..... #..### ####.....
.##+. #..## ####... .#
...##.#####.##... .....
...##...#........ ..
......b.......... .###
#...... ##.......< ####
#>.####....# #..b....#


You could see a white imp and 4 hobgoblin zombies.

Vanquished Creatures
  Maggie (D:7)
  Grinder (D:4)
  11 yaks
  A wyvern (D:8)
  A steam dragon (D:6)
  Edmund (D:6)
  Menkaure (D:7)
  2 water moccasins
  2 sky beasts
  2 orc warriors
  A kobold brigand (D:6)
  Blork the orc (D:6)
  3 necrophages
  3 wights (D:7)
  6 hounds
  An orc priest (D:6)
  2 iguanas (D:5)
  7 orc wizards
  7 gnolls (D:5)
  15 adders
  A shadow imp (D:6)
  3 white imps
  An ufetubus (D:6)
  A dart slug (D:3)
  13 orcs
  5 ball pythons
  7 bats
  4 endoplasms
  9 giant cockroaches
  10 goblins
  5 hobgoblins
  10 quokkas
  4 frilled lizards
  A goblin skeleton (D:8)
  13 kobolds
  2 kobold skeletons (D:8)
  6 rats
164 creatures vanquished.

Vanquished Creatures (others)
  An orc wizard (D:7)
1 creature vanquished.

Grand Total: 165 creatures vanquished

Notes
Turn   | Place    | Note
-------+----------+-------------------------------------------
     0 | D:1      | bmack86 the Minotaur Fighter began the quest for the Orb.
     0 | D:1      | Reached XP level 1. HP: 19/19 MP: 0/0
   151 | D:1      | Reached XP level 2. HP: 27/27 MP: 1/1
   530 | D:1      | Found Ruest's Weapon Shoppe.
   941 | D:2      | Reached XP level 3. HP: 33/33 MP: 2/2
  1135 | D:2      | Identified the +2 mace "Efahiufe" {flame, rF+ rC+}
  1290 | D:2      | Reached XP level 4. HP: 41/41 MP: 3/3
  1944 | D:3      | Found a runed translucent door.
  1945 | D:3      | Noticed Crazy Yiuf
  2000 | D:3      | Found an ornate altar of the Wu Jian Council.
  2476 | D:4      | Reached XP level 5. HP: 43/47 MP: 4/4
  2494 | D:4      | Found a staircase to the Ecumenical Temple.
  2506 | Temple   | Entered the Ecumenical Temple
  2626 | D:4      | Reached skill level 5 in Fighting
  2657 | D:4      | Noticed Grinder
  2659 | D:4      | Paralysed by Grinder for 2 turns
  2676 | D:4      | Killed Grinder
  2677 | D:4      | Reached skill level 5 in Axes
  2677 | D:4      | Reached XP level 6. HP: 34/57 MP: 5/5
  2698 | D:4      | Found an opulent altar of Gozag.
  2754 | D:4      | Found a glowing drain.
  2772 | Sewer    | Entered a sewer
  2812 | Sewer    | Noticed a water moccasin
  2827 | Sewer    | Killed a water moccasin
  2828 | Sewer    | Reached skill level 5 in Armour
  2828 | Sewer    | Reached skill level 5 in Shields
  3106 | D:4      | Noticed a water moccasin
  3112 | D:4      | Killed a water moccasin
  3113 | D:4      | Reached XP level 7. HP: 44/64 MP: 6/6
  3551 | D:5      | Entered Level 5 of the Dungeon
  4122 | D:5      | Reached skill level 1 in Throwing
  4722 | D:6      | Noticed Edmund
  4738 | D:6      | Killed Edmund
  4739 | D:6      | Reached XP level 8. HP: 62/73 MP: 7/7
  4983 | D:6      | Noticed Blork the orc
  4992 | D:6      | Killed Blork the orc
  5382 | D:6      | Found a broken altar of Ashenzari.
  5793 | D:7      | Reached XP level 9. HP: 17/82 MP: 8/8
  5878 | D:7      | Noticed Menkaure
  5890 | D:7      | Killed Menkaure
  6223 | D:7      | Found a snail-covered altar of Cheibriados.
  6453 | D:7      | Found a shimmering blue altar of Sif Muna.
  6669 | D:7      | Noticed Maggie
  6683 | D:7      | Killed Maggie
  7022 | D:8      | Reached skill level 10 in Fighting
  7024 | D:8      | Reached XP level 10. HP: 28/93 MP: 9/9
  7026 | D:8      | Reached skill level 10 in Axes
  7033 | D:8      | Noticed Erica
  7036 | D:8      | Found a glowing golden altar of the Shining One.
  7042 | D:8      | HP: 1/93 [something (5)]
  7042 | D:8      | Slain by Erica

Illustrated notes

Levels and vault maps discovered:
D:1:      dpeg_arrival_connections, layout_loops_ring, serial_shops, shop
D:2:      layout_loops_ring, dk_noncrumbling_4, nicolae_half_adder
D:3:      layout_basic, nzn_wu_jian_council_hall, hangedman_decor_peaks_small,
          minmay_statues_item, kennysheep_path_1, uniq_crazy_yiuf_cottage
D:4:      layout_gridville, kennysheep_mini_moat, minmay_temple_entry_mist,
          gup_sewer_entry_pipe, uniq_grinder
D:5:      layout_loops_corners
D:6:      minmay_angry_zag, layout_loops_ring, mainiacjoe_overflow_tiny_flanked,
          uniq_blork_the_orc, uniq_edmund
D:7:      layout_rooms, mainiacjoe_overflow_six_doors_small,
          kennysheep_orc_sif_temple, chequers_serial_rivers_micro_c,
          abandoned_shop, uniq_maggie, uniq_menkaure
D:8:      layout_cave_pools, nicolae_tso_besieged_by_evil,
          erik_lair_orcish_takeover, minmay_guarded_unrand_finisher, uniq_erica,
          uniq_joseph
Temple:   nicolae_temple_x_marks_the_god

Skill      XL: |  1  2  3  4  5  6  7  8  9 10 |
---------------+-------------------------------+-----
Fighting       | 4 5 6 7 8 10 | 10.3
Axes           | 3 4 5 6 8 9 10 | 10.0
Armour         | 4 5 6 7 |  7.7
Shields        | 4 5 6 7 |  7.8
Throwing       | 1 3 4 |  4.6

Action                   |  1- 3 |  4- 6 |  7- 9 | 10-12 || total
-------------------------+-------+-------+-------+-------++-------
Melee: War axe           |    72 |   115 |   264 |     7 ||   458
       Headbutt          |     6 |    15 |    51 |     1 ||    73
Throw: Dart              |       |       |     3 |       ||     3
  Use: Scroll            |     2 |     5 |    21 |       ||    28
       Potion            |       |       |     1 |       ||     1
Armor: Scale mail        |    37 |    37 |       |       ||    74
       Chain mail        |       |    51 |   173 |       ||   224
Dodge: Dodged            |    23 |    45 |    64 |       ||   132
Block: Buckler           |    17 |       |       |       ||    17
       Kite shield       |     2 |    62 |   134 |     2 ||   200

Table legend: (Time is in decaauts)
 A = Elapsed time spent in this place.
 B = Non-inter-level travel time spent in this place.
 C = Inter-level travel time spent in this place.
 D = Time resting spent in this place.
 E = Time spent auto-exploring this place.
 F = Levels seen in this place.
 G = Mean time per level.
                   A        B        C        D        E       F      G
               +--------+--------+--------+--------+--------+-----+--------+
         Total |   7215 |   6998 |    217 |    440 |   4155 |  10 |  721.5 |
       Dungeon |   6867 |   6650 |    217 |    274 |   4109 |   8 |  858.4 |
        Temple |     64 |     64 |      0 |      0 |     46 |   1 |   64.0 |
         Sewer |    283 |    283 |      0 |    166 |      0 |   1 |  283.0 |
               +--------+--------+--------+--------+--------+-----+--------+

Top non-repeatable levels by time:
     D:5: 1192 daAuts
     D:7: 1174 daAuts
     D:6: 1050 daAuts
     D:4: 881 daAuts
     D:1: 848 daAuts
     D:3: 843 daAuts
     D:2: 729 daAuts
   Sewer: 283 daAuts
     D:8: 145 daAuts
  Temple: 64 daAuts
